 Dungeon Crawl Stone Soup version 0.25-a0-424-g80bd347ae0 (console) character file.

Game seed: 11515794821932121650, levelgen mode: deterministic

1 Asser the Grasshopper (level 1, -1/19 HPs)
             Began as a Troll Warper on Jan 23, 2020.
             Slain by a goblin (2 damage)
             ... on level 2 of the Dungeon.
             The game lasted 00:01:54 (117 turns).

Asser the Grasshopper (Troll Warper)                 Turns: 117, Time: 00:01:55

Health: -1/19      AC:  6    Str: 18    XL:     1   Next: 16%
Magic:  1/1        EV: 10    Int:  9    God:
Gold:   4          SH:  0    Dex:  9    Spells: 2/2 levels left

rFire    . . .     SeeInvis .   d - +0 dagger (drain)
rCold    . . .     Gourm    +   (no shield)
rNeg     . . .     Faith    .   a - +0 robe
rPois    .         Spirit   .   (helmet restricted)
rElec    .         Reflect  .   (no cloak)
rCorr    .         Harm     .   (gloves unavailable)
MR       .....                  (boots unavailable)
Stlth    +.........             (no amulet)
HPRegen  0.46/turn              (no ring)
MPRegen  0.07/turn              (no ring)

@: no status effects
A: large, unfitting armour, claws 3, fast metabolism 3, gourmand, regeneration
1, shaggy fur 1, tough skin 3
a: no special abilities


You were on level 2 of the Dungeon.
You were not hungry.

You visited 1 branch of the dungeon, and saw 2 of its levels.

You collected 4 gold pieces.

Inventory:

Hand Weapons
 d - a +0 dagger of draining (weapon)
Missiles
 b - 14 bolts (quivered)
Armour
 a - a +0 robe (worn)
Scrolls
 c - a scroll of blinking
Potions
 e - a potion of curing {unknown}
Comestibles
 f - 2 rations


   Skills:
 + Level 1.5 Fighting
 + Level 0.8 Throwing
 + Level 1.9 Dodging
 + Level 2.0 Unarmed Combat
 + Level 1.2 Spellcasting
   Level 2.1 Translocations


You had 2 spell levels left.
You didn't know any spells.
Your spell library contained the following spells:

 Spells                   Type           Power        Failure   Level  Hunger
 Blink                    Tloc           N/A          22%         2    ###....
 Shroud of Golubria       Chrm/Tloc      #.....       34%         2    ###....
 Gell's Gravitas          Tloc           #.........   41%         3    ####...
 Lesser Beckoning         Tloc           #.........   41%         3    ####...
 Teleport Other           Tloc           #.......     41%         3    ####...
 Passage of Golubria      Tloc           N/A          82%         4    #####..


Dungeon Overview and Level Annotations

Branches:
Dungeon (2/15)

Altars:


Innate Abilities, Weirdness & Mutations

You are too large for most types of armour.
You have claws for hands.
Your metabolism is lightning-fast.
You like to eat raw meat.
Your natural rate of healing is unusually fast.
You are covered in fur. (AC +1)
You have extremely tough skin. (AC +3)


Message History

The hobgoblin barely misses you.
The kobold throws a stone.
The stone hits you but does no damage. The hobgoblin barely misses you.
You see here a stone.
You hit the hobgoblin but do no damage. You drain the hobgoblin.
The hobgoblin is heavily wounded.
The hobgoblin hits you but does no damage.
You closely miss the hobgoblin.
The hobgoblin is heavily wounded.
The kobold hits you with a +0 club. The hobgoblin barely misses you.
You hit the goblin but do no damage.
The hobgoblin hits you but does no damage.
The kobold hits you with a +0 club. The hobgoblin hits you.
* * * LOW HITPOINT WARNING * * *
The goblin misses you.
You closely miss the hobgoblin.
The hobgoblin hits you but does no damage.
The kobold hits you with a +0 club.
* * * LOW HITPOINT WARNING * * *
The hobgoblin completely misses you. The goblin hits you.
You die...

#############
##...g@#.....##
##....Kgg......#
#...............
#...............
#...............
#.......(.......
#.......<.......
................
##.............#
##.....#.....##
#############


You could see 2 hobgoblins, a goblin and a kobold.

Vanquished Creatures
  A giant cockroach (D:1)
1 creature vanquished.

Notes
Turn   | Place    | Note
-------+----------+-------------------------------------------
     0 | D:1      | Asser the Troll Warper began the quest for the Orb.
     0 | D:1      | Reached XP level 1. HP: 19/19 MP: 1/1
   117 | D:2      | Slain by a goblin

Levels and vault maps discovered:
D:1:      dpeg_arrival_more_subterranean_lakeside_camping, layout_loops_ring,
          chequers_serial_rivers_room_b, minmay_ruptured
D:2:      layout_rooms, lemuel_doored_altar, first_ration, grunt_ministairs_12,
          uniq_terence, uniq_jessica

Action                   || total
-------------------------++-------
Melee: Dagger            ||     4
       Unarmed           ||     4
Throw: Boomerang         ||     5
Armor: Robe              ||    19
Dodge: Dodged            ||    25

Table legend:
 A = Non-vault XP
 B = Vault XP
 C = Vault XP percentage of total XP
 D = Non-vault monster count
 E = Vault monster count
 F = Vault count percentage of total count
                 A         B        C        D         E       F
            +---------+---------+-------+---------+---------+-------
      Total |       2 |       0 |   0.0 |       1 |       0 |   0.0
            +---------+---------+-------+---------+---------+-------
        D:1 |       2 |       0 |   0.0 |       1 |       0 |   0.0
            +---------+---------+-------+---------+---------+-------
